 Dungeon Crawl Stone Soup version 0.20-a0-893-g832831a (webtiles) character file.

2281 Bleys the Covert (level 9, -3/42 HPs)
             Began as a Spriggan Enchanter on Mar 18, 2017.
             Was an Initiate of Gozag.
             Killed from afar by an electric eel (13 damage)
             ... with a bolt of electricity
             ... on level 7 of the Dungeon.
             The game lasted 00:32:17 (10884 turns).

Bleys the Covert (Spriggan Enchanter)              Turns: 10884, Time: 00:32:18

Health: -3/42      AC:  2    Str:  4    XL:     9   Next: 16%
Magic:  10/19      EV: 21    Int: 18    God:    Gozag
Gold:   632        SH:  0    Dex: 18    Spells: 9/21 levels left

rFire    . . .     SeeInvis +   n - +0 dagger (freeze)
rCold    . . .     Gourm    .   b - +0 robe
rNeg     . . .     Faith    .   (shield restricted)
rPois    .         Spirit   .   (helmet restricted)
rElec    .         Reflect  .   (no cloak)
rCorr    .         Harm     .   (gloves unavailable)
MR       +....                  (boots unavailable)
Stlth    +++++.....             l - amulet of regeneration
Regen    0.6/turn               (no ring)
MPRegen  0.2/turn               i - ring of flight

@: very quick
A: unfitting armour, see invisible, herbivore 3, speed 3, slow metabolism 2
a: Potion Petition, Call Merchant, Bribe Branch, Renounce Religion, Evoke Flight


You were on level 7 of the Dungeon.
You worshipped Gozag.
Gozag was pleased with you.
You were not hungry.

You visited 2 branches of the dungeon, and saw 8 of its levels.

You collected 711 gold pieces.
You paid 79 gold pieces to Gozag.

Inventory:

Hand Weapons
 a - a +1 dagger
 g - a +3 short sword
 n - a +0 dagger of freezing (weapon)
 r - a +0 rapier
 s - a +2 short sword
Missiles
 f - 64 sling bullets
Armour
 b - a +0 robe (worn)
Jewellery
 i - a ring of flight (left hand)
 k - an uncursed amulet of magic regeneration {unknown}
 l - an amulet of regeneration (around neck)
Scrolls
 h - a scroll of remove curse
 o - 5 scrolls of identify
Potions
 d - a potion of haste
 e - 3 potions of might
 j - a potion of flight
 m - a potion of agility
Books
 c - a book of Maledictions

   Spells                             Type                      Level
   a - Corona                         Hexes                        1
   b - Ensorcelled Hibernation        Hexes/Ice                    2
   c - Confuse                        Hexes                        3
   d - Tukima's Dance                 Hexes                        3
   e - Dazzling Spray                 Conjuration/Hexes            3
Comestibles
 p - a fruit
 q - 3 bread rations


   Skills:
 + Level 2.2 Fighting
 + Level 3.6 Short Blades
 + Level 5.6 Dodging
 + Level 13.0 Stealth
 + Level 6.5 Spellcasting
 + Level 7.0 Hexes


You had 9 spell levels left.
You knew the following spells:

 Your Spells              Type           Power        Failure   Level  Hunger
a - Ensorcelled Hibernat  Hex/Ice        ###...       4%          2    None
b - Corona                Hex            ####...      1%          1    None
c - Confuse               Hex            ####....     1%          3    ##.....
d - Tukima's Dance        Hex            ####....     1%          3    ##.....
e - Dazzling Spray        Conj/Hex       ###...       10%         3    ##.....


Dungeon Overview and Level Annotations

Branches:
Dungeon (7/15)             Temple (1/1) D:4

Altars:
Ashenzari
Cheibriados
Dithmenos
Elyvilon
Fedhas
Gozag
Hepliaklqana
Kikubaaqudgha
Makhleb
Nemelex Xobeh
Okawaru
Qazlal
Ru
Sif Muna
Trog
Uskayaw
Vehumet
Wu Jian
Xom
Yredelemnul
Zin
The Shining One

Shops:
D:6 (


Innate Abilities, Weirdness & Mutations

You are very small and have problems with some larger weapons.
You are too small for most types of armour.
You have supernaturally acute eyesight. (SInv)
You are a herbivore.
You cover ground extremely quickly.
You need consume almost no food.


Message History

Casting: Confuse
Confirm with . or Enter, or press ? or * to list all spells.
Aiming: Confuse
Press: ? - help, Shift-Dir - straight line, f/p - electric eel
Aim: an electric eel (chance to defeat MR: 68%)
The electric eel struggles to resist.
The electric eel shoots out a bolt of lightning at you!
The bolt of electricity hits you! x2
* * * LOW HITPOINT WARNING * * *
The bolt of electricity misses the electric eel.
Casting: Confuse
Confirm with . or Enter, or press ? or * to list all spells.
Aiming: Confuse
Press: ? - help, Shift-Dir - straight line, f/p - electric eel
Aim: an electric eel (chance to defeat MR: 68%)
The electric eel struggles to resist.
The electric eel shoots out a bolt of lightning at you!
The bolt of electricity hits you!
You die...
Your body crumbles into a pile of gold.

#. ####.# #.#
#..##....# #.#
##....$...####
#.#
.....≈$$≈....#
#.#
##..♣≈.P≈♣##.#
#.#
#.♣≈≈.≈≈≈≈#.#
#.#
#.♣≈≈≈.≈≈≈≈#.#
#..
$.≈≈P≈.P≈≈P#.#
###
#.♣≈≈≈.≈≈≈;@"#
#.≈≈≈≈.≈≈≈P#.#
.♣≈≈P.≈♣≈##.#
#P≈≈.P♣≈##.#
#♣≈≈.≈♣≈#.## #


You could see an electric eel.

Vanquished Creatures
  Sigmund (D:2)
  A vampire (D:6)
  Eustachio (D:6)
  Duvessa (D:4)
  An orc warrior (D:7)
  3 phantoms
  2 ogres
  A centaur (D:5)
  Dowan (D:4)
  A scorpion (D:6)
  4 wights (D:6)
  2 howler monkeys
  A crimson imp (D:7)
  5 orc wizards
  A centaur skeleton (D:6)
  A gnoll shaman (D:6)
  3 orc priests
  Ijyb (D:2)
  Jessica (D:2)
  4 iguanas
  3 worker ants
  A hound skeleton (D:4)
  2 gnolls (D:6)
  A worker ant zombie (D:6)
  9 adders
  An adder zombie (D:6)
  An ooze (D:6)
  2 adder skeletons
  2 worms (D:2)
  A leopard gecko (D:1)
  18 orcs
  14 bats
  5 giant cockroaches
  7 goblins
  13 hobgoblins
  5 jackals
  15 kobolds
  2 quokkas (D:6)
  2 ball pythons
  9 frilled lizards
  A quokka zombie (D:5)
  7 rats
157 creatures vanquished.

Vanquished Creatures (collateral kills)
  A gnoll (D:6)
  A quokka skeleton (D:6)
2 creatures vanquished.

Vanquished Creatures (others)
  3 dancing weapons (D:6)
  A bat (D:2)
4 creatures vanquished.

Grand Total: 163 creatures vanquished

Notes
Turn   | Place    | Note
-------+----------+-------------------------------------------
     0 | D:1      | Bleys the Spriggan Enchanter began the quest for the Orb.
     0 | D:1      | Reached XP level 1. HP: 9/9 MP: 5/5
   649 | D:1      | Reached XP level 2. HP: 13/13 MP: 7/7
   653 | D:1      | Learned a level 2 spell: Ensorcelled Hibernation
  1975 | D:1      | Reached XP level 3. HP: 13/16 MP: 9/9
  2455 | D:1      | Learned a level 3 spell: Confuse
  2459 | D:1      | Learned a level 3 spell: Tukima's Dance
  2504 | D:2      | Noticed Sigmund
  2521 | D:2      | Killed Sigmund
  2521 | D:2      | Reached skill level 5 in Spellcasting
  2521 | D:2      | Reached skill level 5 in Hexes
  2521 | D:2      | Reached XP level 4. HP: 21/21 MP: 7/12
  2521 | D:2      | Reached XP level 5. HP: 24/24 MP: 7/13
  3111 | D:2      | Reached skill level 5 in Stealth
  3253 | D:2      | Learned a level 3 spell: Dazzling Spray
  3302 | D:2      | Noticed Ijyb
  3343 | D:2      | Killed Ijyb
  3343 | D:2      | Reached skill level 6 in Stealth
  3483 | D:2      | Reached XP level 6. HP: 28/28 MP: 11/14
  3661 | D:2      | Noticed Jessica
  3663 | D:2      | Killed Jessica
  4535 | D:3      | Reached skill level 7 in Stealth
  6534 | D:4      | Reached skill level 8 in Stealth
  6602 | D:4      | Found a staircase to the Ecumenical Temple.
  6612 | Temple   | Entered the Ecumenical Temple
  6720 | Temple   | Became a worshipper of Gozag Ym Sagoz the Greedy
  6865 | D:4      | Reached skill level 9 in Stealth
  6865 | D:4      | Reached XP level 7. HP: 30/32 MP: 5/15
  7058 | D:5      | Entered Level 5 of the Dungeon
  7340 | D:4      | Noticed Duvessa
  7340 | D:4      | Noticed Dowan
  7342 | D:4      | Killed Duvessa
  7342 | D:4      | Reached skill level 10 in Stealth
  7347 | D:4      | Killed Dowan
  7384 | D:4      | Reached skill level 11 in Stealth
  7965 | D:5      | Reached skill level 12 in Stealth
  7965 | D:5      | Reached XP level 8. HP: 36/36 MP: 16/16
  8344 | D:5      | Found an iron altar of Okawaru.
  9037 | D:6      | Reached skill level 1 in Fighting
  9500 | D:6      | Noticed Eustachio
  9508 | D:6      | Killed Eustachio
 10095 | D:6      | Reached skill level 5 in Dodging
 10095 | D:6      | Reached XP level 9. HP: 42/42 MP: 10/19
 10316 | D:6      | Found Bathot Ditab's Weapon Shop.
 10586 | D:7      | Reached skill level 13 in Stealth
 10884 | D:7      | Killed from afar by an electric eel

Vault maps used:
D:1:      erik_arrival_triangle_small, serial_glass, glass_columns_a,
          glass_columns_a, minmay_unequal
D:2:      serial_co_window_serial, co_window_paths_a, co_window_paths_a,
          co_window_paths_b, co_window_corner_a, co_window_paths_a,
          co_window_unsneaky_path_e, co_window_2corner, co_window_broadway_b,
          glass_columns_b, glass_columns_a, glass_columns_a, glass_columns_c,
          glass_columns_c, uniq_iyjb, uniq_sigmund, uniq_jessica
D:3:      minmay_curled_crystal
D:4:      minmay_temple_entry_grid, first_bread, uniq_duvessa
D:5:      okawaru_metal_pillars_1_2
D:6:      serial_shops, kennysheep_mini, uniq_eustachio
D:7:      serial_bayou_lagoon_b
Temple:   kilobyte_greek_temple

Skill      XL: |  1  2  3  4  5  6  7  8  9 |
---------------+----------------------------+-----
Spellcasting   | 3 5 6 |  6.5
Hexes          | 4 5 6 7 |  7.0
Stealth        | 6 9 12 13 | 13.0
Short Blades   | 3 |  3.6
Fighting       | 2 |  2.2
Dodging        | 5 |  5.6

Action                   |  1- 3 |  4- 6 |  7- 9 || total
-------------------------+-------+-------+-------++-------
Melee: Dagger            |    66 |   370 |   147 ||   583
 Cast: Corona            |     5 |       |       ||     5
       Ensorcelled Hiber |    25 |    67 |    49 ||   141
       Confuse           |     1 |    16 |    32 ||    49
       Tukima's Dance    |       |       |     4 ||     4
  Use: Scroll            |       |     7 |     4 ||    11
       Potion            |       |     1 |     5 ||     6
 Stab: Sleeping          |    28 |    48 |    40 ||   116
       Confused          |     2 |     6 |     9 ||    17
       Distracted        |       |       |     2 ||     2
  Eat: Bread ration      |       |     1 |       ||     1
       Royal jelly       |       |       |     3 ||     3
Armor: Robe              |     4 |    70 |     2 ||    76
Dodge: Dodged            |    42 |   334 |    90 ||   466
